 Dungeon Crawl Stone Soup version 0.15.2 (webtiles) character file.

958 bwiles81 the Covert (level 7, -1/32 HPs)
             Began as a Spriggan Enchanter on Nov 12, 2014.
             Slain by a slave (3 damage)
             ... led by Pikel
             ... on Level 5 of the Dungeon.
             The game lasted 00:16:52 (5712 turns).

bwiles81 the Covert (Spriggan Enchanter)            Turns: 5712, Time: 00:16:53

HP  -1/32        AC  4     Str  7      XL: 7   Next: 91%
MP  18/23        EV 18     Int 18      God:
Gold 288         SH  5     Dex 17      Spells:  1 memorised, 14 levels left

rFire  . . .     SeeInvis +     r - +2 dagger (venom)
rCold  . . .     Clarity  .     b - +1 robe
rNeg   . . .     rCorr    +     j - +0 buckler (curse)
rPois  .         rRot     .     (helmet restricted)
rElec  .         Spirit   .     q - +0 cloak
SustAb .         Warding  .     (gloves unavailable)
rMut   .         Stasis   .     (boots unavailable)
Gourm  .                        f - amulet of resist corrosion
MR     +....                    (no ring)
                                k - +3 ring of strength

@: very quick, somewhat resistant to hostile enchantments, quite stealthy
A: unfitting armour, see invisible, herbivore 3, speed 3, slow metabolism 2
a: no special abilities


You were on level 5 of the Dungeon.
You were not hungry.

You visited 1 branch of the dungeon, and saw 6 of its levels.

You collected 288 gold pieces.

Inventory:

Hand weapons
 r - a +2 dagger of venom (weapon)
Armour
 b - a +1 robe (worn)
 j - a cursed +0 buckler (worn)
 q - a +0 cloak (worn)
Magical devices
 i - a wand of digging (13)
Comestibles
 d - 3 bread rations
 h - 2 royal jellies
Scrolls
 a - a scroll of recharging {unknown}
 e - a scroll of remove curse
 m - a scroll of immolation {unknown}
 n - a scroll of magic mapping
 o - a scroll of fog
Jewellery
 f - an amulet of resist corrosion (around neck)
 k - a +3 ring of strength (left hand)
Books
 c - a book of Maledictions

   Spells                             Type                      Level
   Corona                             Hexes                        1
   Sure Blade                         Hexes/Charms                 2
   Ensorcelled Hibernation            Hexes/Ice                    2
   *Confuse                           Hexes                        3
   Dazzling Spray                     Conjuration/Hexes            3
   Enslavement                        Hexes                        4


   Skills:
 + Level 4.4 Short Blades
 + Level 3.7 Dodging
 * Level 9.5 Stealth
 + Level 0.7 Shields
 + Level 5.8 Spellcasting
 + Level 5.4 Hexes
 + Level 1.3 Evocations


You had 14 spell levels left.
You knew the following spells:

 Your Spells              Type           Power        Failure   Level  Hunger
a - Confuse               Hex            ####....     6%          3    ##.....


Dungeon Overview and Level Annotations

Branches:
Dungeon (6/15)
 Temple: D:4-7

Altars:
Fedhas

Annotations:
D:6 Pikel


Innate Abilities, Weirdness & Mutations

You are tiny and cannot use many weapons and most armour.
You have supernaturally acute eyesight.
You are a herbivore.
You cover ground extremely quickly.
You need consume almost no food.


Message History

The iguana misses you.
You completely miss Pikel.
Pikel barely misses the slave.
The worker ant bites you.
Your shield prevents you from hitting Pikel.
The iguana misses you. The slave closely misses you.
Pikel hits you with a glowing whip. Pikel burns you.
The worker ant barely misses you.
You barely miss Pikel. The iguana barely misses you.
The slave closely misses you. The slave misses you. The worker ant misses you.
A slave comes into view.
The slave hits you but does no damage. The worker ant bites you.
The slave hits you. x2
The iguana bites you.
* * * LOW HITPOINT WARNING * * *
You climb upwards.
There is a stone staircase leading down here.
The slave hits you.
* * * LOW HITPOINT WARNING * * *
The slave hits you.
You die...

###.#.###.###.####.#...####'#####
...........%.##..##..##...#.# #..
###.#........#........#.#.#.###..
..............................'..
###....<#...............#.#.###..
##############........#.#...# #..
.............#...p....#.#..## #..
#########.###...pa......#...# ##'
..).......# #...@p......#.#.# #.
#########.# ##...l....###.#.####.
# #..#####..##..##.......... #
#............#..........%. #
#............#............ #
#.#.......####...........( #
#.#)......#...............
##.#.......#......###......
#..........#......# #......


You could see 3 slaves, an iguana and a worker ant.

Vanquished Creatures
  Menkaure (D:5)
  A phantom (D:4)
  A centaur (D:4)
  Blork the orc (D:5)
  A giant frog zombie (D:5)
  A giant frog skeleton (D:5)
  Crazy Yiuf (D:2)
  2 orc priests
  A hound (D:4)
  An iguana (D:5)
  An orc wizard (D:5)
  6 worker ants
  7 adders
  3 gnolls (D:3)
  A shadow imp (D:5)
  A worm (D:2)
  A giant mite (D:5)
  5 giant geckos
  13 orcs
  2 ball pythons
  11 bats
  2 giant cockroaches
  5 goblins
  12 hobgoblins
  8 jackals
  A quokka (D:5)
  4 giant newts
  A goblin skeleton (D:4)
  7 kobolds
  A quokka skeleton (D:5)
  13 rats
  2 fungi (D:2)
118 creatures vanquished.

Vanquished Creatures (others)
  A hobgoblin (D:4)
1 creature vanquished.

Grand Total: 119 creatures vanquished

Notes
Turn   | Place    | Note
--------------------------------------------------------------
     0 | D:1      | bwiles81, the Spriggan Enchanter, began the quest for the Orb.
     0 | D:1      | Reached XP level 1. HP: 9/9 MP: 4/4
   387 | D:1      | Reached XP level 2. HP: 5/13 MP: 6/8
  1583 | D:1      | Reached skill level 5 in Stealth
  1833 | D:2      | Reached XP level 3. HP: 16/16 MP: 11/11
  1838 | D:2      | Learned a level 3 spell: Confuse
  2322 | D:2      | Noticed Crazy Yiuf
  2334 | D:2      | Killed Crazy Yiuf
  2334 | D:2      | Reached XP level 4. HP: 9/21 MP: 10/14
  2468 | D:2      | Reached skill level 6 in Stealth
  3032 | D:3      | Reached XP level 5. HP: 21/24 MP: 10/18
  3604 | D:4      | Reached skill level 7 in Stealth
  3615 | D:4      | Reached XP level 6. HP: 25/28 MP: 14/20
  3734 | D:4      | Noticed a phantom
  3901 | D:4      | Found a blossoming altar of Fedhas.
  3902 | D:4      | Noticed a centaur
  4200 | D:4      | Killed a centaur
  4200 | D:4      | Reached skill level 8 in Stealth
  4319 | D:4      | Reached skill level 5 in Spellcasting
  4426 | D:4      | Killed a phantom
  4426 | D:4      | Reached skill level 5 in Hexes
  4426 | D:4      | Reached XP level 7. HP: 28/32 MP: 9/22
  4589 | D:5      | Entered Level 5 of the Dungeon
  4738 | D:5      | Noticed Blork the orc
  4746 | D:5      | Killed Blork the orc
  4939 | D:5      | Reached skill level 9 in Stealth
  5579 | D:5      | Noticed Menkaure
  5599 | D:5      | Killed Menkaure
  5599 | D:5      | Reached skill level 1 in Evocations
  5704 | D:6      | Noticed Pikel
  5712 | D:5      | Slain by a slave

Action                   |  1- 3 |  4- 6 |  7- 9 || total
-------------------------+-------+-------+-------++-------
Melee: Dagger            |   221 |   149 |   103 ||   473
 Cast: Confuse           |     1 |    26 |    12 ||    39
Evoke: Wand              |       |       |     1 ||     1
  Use: Scroll            |     2 |     7 |       ||     9
       Potion            |       |     6 |     4 ||    10
 Stab: Sleeping          |     6 |     7 |    11 ||    24
       Confused          |     1 |     6 |     4 ||    11
